 Dungeon Crawl Stone Soup version 0.17-a0-915-g8914353 (webtiles) character file.

216 inmateoo the Ruffian (level 5, -1/32 HPs)
             Began as a Gargoyle Monk on May 3, 2015.
             Slain by an ogre
             ... wielding a +0 giant spiked club
              (24 damage)
             ... on level 4 of the Dungeon on May 4, 2015.
             The game lasted 00:04:01 (2836 turns).

inmateoo the Ruffian (Gargoyle Monk)                Turns: 2836, Time: 00:04:01

Health: -1/32      AC:  9    Str: 15    XL:     5   Next: 93%
Magic:  5/5        EV: 11    Int: 10    God:
Gold:   206        SH:  0    Dex: 13    Spells: 0 memorised, 4 levels left

rFire  . . .     SeeInvis .       - Unarmed
rCold  . . .     Clarity  .     u - +0 ring mail
rNeg   + . .     SustAb   .     (no shield)
rPois  ∞         Gourm    .     (no helmet)
rElec  +         Spirit   .     (no cloak)
rCorr  .         Warding  .     (no gloves)
rMut   .         Stasis   .     (no boots)
MR     +....                    (no amulet)
Stlth  +.........               (no ring)
                                q - ring of protection from magic

@: somewhat resistant to hostile enchantments, very unstealthy
A: negative energy resistance 1, electricity resistance, unbreathing,
petrification resistance, rot immunity, AC +4
a: no special abilities


You were on level 4 of the Dungeon.
You were not hungry.

You visited 1 branch of the dungeon, and saw 4 of its levels.

You collected 206 gold pieces.

Inventory:

Hand weapons
 r - a +1 short sword of draining
Armour
 u - a +0 ring mail (worn)
Jewellery
 q - a ring of protection from magic (left hand)
Scrolls
 d - 2 scrolls of remove curse
 e - a scroll of fog {unknown}
 f - 3 scrolls of identify {unknown}
 g - 2 scrolls of teleportation {unknown}
 h - 2 scrolls of amnesia {unknown}
 i - a scroll of noise {unknown}
 n - a scroll of immolation {unknown}
 o - a scroll of blinking {unknown}
 s - a scroll of fear {unknown}
 t - a scroll of recharging {unknown}
 w - a scroll of random uselessness {unknown}
Potions
 c - 2 potions of agility
 j - 2 potions of might {unknown}
 k - a potion of lignification {unknown}
 l - 2 potions of resistance {unknown}
 m - a potion of poison {unknown}
 p - a potion of curing {unknown}
Comestibles
 a - a slice of pizza
 b - 2 bread rations
 v - 3 chunks of flesh


   Skills:
 - Level 3.2 Fighting
 - Level 2.4 Dodging
 - Level 2.1 Stealth
 + Level 7.0 Unarmed Combat


You had 4 spell levels left.
You didn't know any spells.

Dungeon Overview and Level Annotations

Branches:
Dungeon (4/15)
 Temple: D:4-7

Altars:
Dithmenos
Makhleb
Zin

Annotations:
D:2 Sigmund


Innate Abilities, Weirdness & Mutations

You are resistant to torment.
Your stone body is resilient (AC +4).
You are immune to poison.
You resist negative energy.
You are resistant to electric shocks.
You can survive without breathing.
You are immune to petrification.
You are immune to rotting.


Message History

You now have 206 gold pieces (gained 10).
An ogre comes into view. It is wielding a giant spiked club.
The ogre shouts!
An ogre is nearby!
An ogre is nearby!
Quiver which item? (- for none, * to show all) (? for menu, Esc to quit)
Okay, then.
Your ring mail prevents you from hitting the ogre.
The ogre hits you with a giant spiked club!
Your ring mail prevents you from hitting the ogre.
You hit the ogre.
The ogre is lightly wounded.
The ogre barely misses you.
You punch the ogre!
The ogre is heavily wounded.
You barely miss the ogre.
The ogre is heavily wounded.
The ogre hits you with a giant spiked club!!
Ouch! That really hurt!
You die...

#...[...........#
##..............#
##.............#
##.............#
#..............#
##.#............#
###................
#.........O........#
##.......@#.........
#......######O......
##..#### ..... ####
.... ... .


You could see an ogre.

Vanquished Creatures
  An orc priest (D:3)
  2 orc wizards (D:3)
  Terence (D:3)
  4 adders
  2 oozes
  An adder skeleton (D:4)
  2 worms (D:2)
  8 orcs (D:3)
  A ball python (D:2)
  5 bats
  A giant cockroach (D:1)
  4 goblins
  6 hobgoblins
  2 jackals (D:1)
  4 kobolds
  A quokka (D:2)
  5 giant newts
  6 rats
56 creatures vanquished.

Notes
Turn   | Place    | Note
--------------------------------------------------------------
     0 | D:1      | inmateoo, the Gargoyle Monk, began the quest for the Orb.
     0 | D:1      | Reached XP level 1. HP: 14/14 MP: 1/1
   182 | D:1      | Reached XP level 2. HP: 13/19 MP: 2/2
   798 | D:2      | Found a burning altar of Makhleb.
   798 | D:2      | Noticed Sigmund
   958 | D:2      | Reached XP level 3. HP: 8/23 MP: 3/3
  1206 | D:2      | Reached skill level 5 in Unarmed Combat
  1434 | D:2      | Noticed a blizzard demon
  1436 | D:2      | Found a glowing silver altar of Zin.
  1437 | D:2      | Noticed an angel
  1549 | D:2      | Reached XP level 4. HP: 24/28 MP: 4/4
  1634 | D:3      | Upgraded the game from 0.17-a0-913-g36eb389 to 0.17-a0-915-g8914353
  1794 | D:3      | Reached skill level 6 in Unarmed Combat
  1794 | D:3      | Reached XP level 5. HP: 14/32 MP: 5/5
  2003 | D:3      | Noticed Terence
  2051 | D:3      | Killed Terence
  2605 | D:3      | Found a shadowy altar of Dithmenos.
  2785 | D:4      | Reached skill level 7 in Unarmed Combat
  2825 | D:4      | Noticed an ogre
  2836 | D:4      | Slain by an ogre

Action                   |  1- 3 |  4- 6 || total
-------------------------+-------+-------++-------
Melee: Unarmed           |    88 |   145 ||   233
  Use: Scroll            |       |     1 ||     1
 Stab: Sleeping          |     4 |       ||     4
  Eat: Chunk             |     2 |     4 ||     6
